AoeStats
← Arthur Morgan

Arabia

508578578Analyzed
1v1 RM · 8d ago on Sep 23, 2026· 26m 37s· 2 players
Game mode
Random Map
Map size
Tiny (2 player)
Population
200
Speed
Normal
Resources
Standard
Victory
Conquest
Starting age
Dark Age
Ending age
Imperial Age
RankedLock teamsTeams togetherTeam positionsShared explorationLock speedFull tech treeHidden civsTurbo modeCheats
Victory
Defeat
🇺🇸 Danes · United States
1110
+17
🇨🇱 Saxons · Chile
1132
-17
Wallylee
10:26 Loom
12:33 Feudal Age
18:51 Castle Age
Arthur Morgan
6:10 Loom
10:32 Feudal Age
11:07 Double-Bit Axe
12:05 Town Watch
17:49 Fletching
17:38 Man-at-Arms
19:06 Forging
21:15 Arson
21:37 Horse Collar
27:58 Castle Age
Connection lost

Rejoining the realm…

Still unreachable

The connection could not be restored.

Session expired

The server has moved on; the page needs a fresh start.